 Dungeon Crawl Stone Soup version 0.29.0-13-gc9e81de378 (webtiles) character file.

Game seed: 10616860343484707588

42 nicolae the Changer (level 3, -2/27 HPs)
             Began as a Demigod Transmuter on Sept 11, 2022.
             Slain by a gnoll
             ... wielding a +0 whip
              (9 damage)
             ... on level 2 of the Dungeon.
             The game lasted 00:01:28 (1387 turns).

nicolae the Changer (Demigod Transmuter)            Turns: 1387, Time: 00:01:29

Health: -2/27      AC:  2    Str: 11    XL:     3   Next: 17%
Magic:  8/8        EV: 12    Int: 19    God:
Gold:   40         SH:  0    Dex: 14    Spells: 2/5 levels left

rFire   . . .      SeeInvis .     - Unarmed
rCold   . . .      Faith    .   (no shield)
rNeg    . . .      Spirit   .   a - +0 robe
rPois   +          Reflect  .   (helmet currently unavailable)
rElec   .          Harm     .   (no cloak)
rCorr   +          Rampage  .   (no gloves)
Will    .....                   (boots currently unavailable)
Stlth   +.........              (no amulet)
HPRegen 0.09/turn               c - ring of poison resistance
MPRegen 0.11/turn               d - ring of resist corrosion

@: appendages (expiring)
A: horns 2, talons 2, high MP 1, forlorn, divine attributes
a: End Transformation


You were on level 2 of the Dungeon.
You had temporarily grown beastly horns and talons.
You visited 1 branch of the dungeon, and saw 2 of its levels.

You collected 40 gold pieces.

Inventory:

Missiles
 j - 3 poisoned darts
Armour
 a - a +0 robe (worn)
Jewellery
 c - a ring of poison resistance (left hand)
 d - a ring of resist corrosion (right hand)
Scrolls
 b - a scroll of identify {unknown}
 e - a scroll of vulnerability {unknown}
 h - a scroll of enchant weapon {unknown}
 l - a scroll of teleportation {unknown}
Potions
 f - a potion of degeneration {unknown}
 g - a potion of might {unknown}
 i - a potion of heal wounds {unknown}
 k - a potion of brilliance {unknown}


   Skills:
 - Level 0.8 Fighting
 - Level 1.7 Dodging
 - Level 2.6 Unarmed Combat
 - Level 1.7 Spellcasting
 + Level 3.4 Transmutations


You had 2 spell levels left.
You knew the following spells:

 Your Spells              Type           Power      Damage    Failure   Level
a - Beastly Appendage     Tmut           28%        N/A       4%          1
b - Wereblood             Tmut           14%        N/A       6%          2

Your spell library contained the following spells:

 Spells                   Type           Power      Damage    Failure   Level
 Spider Form              Tmut/Pois      8%         N/A       26%         3
 Ice Form                 Ice/Tmut       8%         N/A       63%         4


Dungeon Overview and Level Annotations

Branches:
Dungeon (2/15)


Innate Abilities, Weirdness & Mutations

You have temporarily grown beastly horns and talons.
You have an increased reservoir of magic. (+10% MP)
You shall have no god before yourself.
Your divine heritage dramatically boosts your attributes as you level up.


Message History

Found a dagger.
A worm comes into view.
You grow a pair of large bovine horns.
Your feet morph into talons.
A gnoll comes into view. It is wielding a +0 club.
A gnoll comes into view. It is wielding a +0 whip.
The gnoll shouts!
You hit the worm but do no damage.
A gnoll comes into view. It is wielding a +0 spear.
The worm bites you.
You hit the worm but do no damage. Your kick misses the worm. You hit the worm.
You claw the worm, but do no damage.
The worm is lightly wounded.
The worm bites you!
Ouch! That really hurt!
* * * LOW HITPOINT WARNING * * *
A kobold comes into view. It is wielding a +1 dagger of freezing.
The gnoll attacks as you move away! The gnoll barely misses you.
A goblin comes into view. It is wielding a +0 dagger.
Your transformation is almost over.
You hit the gnoll.
The gnoll is moderately wounded.
The gnoll barely misses you.
The goblin shouts!
You hit the gnoll. You claw the gnoll.
You kill the gnoll!
You have reached level 3!
Your experience leads to a dramatic increase in your attributes!
Increase (S)trength, (I)ntelligence, or (D)exterity?
You feel clever. x4
You hit the gnoll.
The gnoll is lightly wounded.
The gnoll hits you with a +0 whip.
* * * LOW HITPOINT WARNING * * *
You closely miss the gnoll.
The kobold shouts!
You claw the gnoll.
You headbutt the gnoll, but do no damage.
The gnoll is moderately wounded.
The gnoll hits you with a +0 whip!
You die...

#####.#.####### #
###.......# # #######.## #
#........# # ####.#####..#
####...........# .
.##.....#..##..# ######...
.##.....#......####........
.##.....#...#...@ggwg..K.K.
###.....#.....#####........
###.....#...#.# #####....
..##....<...#.. .g.
#.#######.#...# .
#.......#.# #..#
#.#####.#.###..#
#<....#.#))....#
..##...........#


You could see a worm, 2 gnolls, a goblin and a kobold.

Vanquished Creatures
  A gnoll (D:2)
  A worm (D:2)
  An orc (D:2)
  7 endoplasms
  A giant cockroach (D:1)
  2 hobgoblins (D:1)
  A quokka (D:1)
  5 ball pythons (D:1)
  2 frilled lizards (D:1)
  2 goblins (D:1)
  5 kobolds
28 creatures vanquished.

Notes
Turn   | Place    | Note
-------+----------+-------------------------------------------
     0 | D:1      | nicolae the Demigod Transmuter began the quest for the Orb.
     0 | D:1      | Reached XP level 1. HP: 15/15 MP: 5/5
    21 | D:1      | Reached skill level 2 in Transmutations
   407 | D:1      | Reached XP level 2. HP: 20/22 MP: 5/7
   431 | D:1      | Learned a level 2 spell: Wereblood
   901 | D:1      | Reached skill level 3 in Transmutations
  1386 | D:2      | Reached XP level 3. HP: 12/27 MP: 8/8
  1387 | D:2      | Slain by a gnoll

Illustrated notes

Levels and vault maps discovered:
D:1:      mrwooster_arrival_statue_2, layout_rooms,
          shapermc_ecumenical_altar_totnotflames
D:2:      layout_loops_cross, serial_shops, shop

Skill      XL: |  1  2 |
---------------+-------+-----
Transmutations | 2 3 |  3.4
Fighting       | |  0.8
Dodging        | |  1.7
Unarmed Combat | |  2.6
Spellcasting   | |  1.7

Action                   || total
-------------------------++-------
Melee: Unarmed           ||    66
       Headbutt          ||     7
       Kick              ||    18
       Punch             ||     1
 Cast: Beastly Appendage ||    12
  Use: Potion            ||     1
Armor: Skin              ||    12
       Robe              ||     6
Dodge: Dodged            ||    24
